AoeStats
← 神圣罗马帝国 | Holy Roman

Arena

510942573Analyzed
4v4 RM · 7h ago on Oct 3, 2026· 45m 25s· 8 players
Game mode
Random Map
Map size
Large (8 player)
Population
200
Speed
Normal
Resources
Standard
Victory
Conquest
Starting age
Dark Age
Ending age
Imperial Age
RankedLock teamsTeams togetherTeam positionsShared explorationLock speedFull tech treeHidden civsTurbo modeCheats
Victory
Defeat
🇨🇳 Italians · China
1371
+17
🇰🇷 Japanese · South Korea
1334
+18
1300
+19
🇨🇳 Inca · China
1284
+21
🇲🇽 Varangians · Mexico
1415
-20
🇲🇽 Cumans · Mexico
1384
-19
🇲🇽 Bohemians · Mexico
1358
-18
🇲🇽 Malians · Mexico
1353
-18
kdu0687
11:39 Feudal Age
12:34 Double-Bit Axe
13:00 Horse Collar
13:50 Gold Mining
16:22 Castle Age
17:04 Wheelbarrow
19:58 Heavy Plow
20:15 Bow Saw
23:04 Loom
23:47 Stone Mining
26:48 Gold Shaft Mining
27:11 Treadmill Crane
31:17 Imperial Age
28:40 Fletching
28:20 Pikeman
29:00 Squires
29:10 Scale Mail Armor
30:00 Thumb Ring
30:27 Bodkin Arrow
30:42 Forging
30:47 Chain Mail Armor
30:34 Padded Archer Armor
30:57 Ballistics
31:18 Hand Cart
30:50 Town Watch
31:07 Arson
31:48 Murder Holes
31:45 Guard Tower
31:24 Heavy Cavalry Archer
32:57 Yasama
33:18 Conscription
34:22 Keep
34:27 Parthian Tactics
34:18 Bracer
34:24 Arrowslits
34:52 Fortified Wall
35:44 Chemistry
35:04 Leather Archer Armor
36:32 Ring Archer Armor
36:37 Iron Casting
37:15 Town Patrol
37:22 Siege Engineers
41:17 Two-Man Saw
40:10 Halberdier
42:42 Blast Furnace
42:12 Plate Mail Armor
神圣罗马帝国 | Holy Roman
11:18 Feudal Age
12:08 Double-Bit Axe
13:02 Scale Barding Armor
13:53 Forging
16:41 Domestication
23:06 Castle Age
21:32 Fletching
22:51 Gold Mining
23:13 Padded Archer Armor
24:18 Bow Saw
25:11 Wheelbarrow
24:13 Heavy Cavalry Archer
25:44 Pastoralism
26:31 Wheelbarrow
26:07 Stone Mining
26:55 Bodkin Arrow
27:31 Thumb Ring
30:31 Hand Cart
31:41 Leather Archer Armor
35:31 Husbandry
36:22 Chain Barding Armor
36:37 Iron Casting
39:59 Iron Casting
40:11 Lamellar Armor
44:07 Imperial Age
43:49 Scale Mail Armor
44:18 Town Watch
44:18 Loom
44:15 Treadmill Crane
44:46 Masonry
44:56 Ballistics
44:32 Murder Holes
45:14 Conscription
45:02 Ordo Cavalry
44:22 Heavy Camel Rider
45:29 Parthian Tactics
46:08 Chemistry
46:16 Two-Man Saw
The Long Dark
10:22 Feudal Age
14:34 Castle Age
12:27 Double-Bit Axe
12:34 Stone Mining
12:28 Horse Collar
15:40 Bow Saw
16:35 Heavy Plow
18:12 Gold Mining
24:54 Imperial Age
22:57 Scale Mail Armor
23:08 Forging
24:16 Chain Mail Armor
25:19 Wheelbarrow
25:36 Iron Casting
25:24 Squires
26:16 Plate Mail Armor
26:56 Two-Man Saw
27:23 Conscription
29:01 Plate Mail Armor
28:21 Fletching
28:32 Padded Archer Armor
30:34 Bodkin Arrow
31:41 Chemistry
31:02 Ballistics
32:13 Bracer
32:28 Leather Archer Armor
34:49 Ring Archer Armor
36:48 Thumb Ring
38:34 Ballistics
38:38 Pirotechnia
39:52 Hand Cart
39:23 Loom
39:24 Town Watch
UU
2:55 Loom
11:06 Feudal Age
12:01 Champi Runner
12:52 Scale Mail Armor
12:46 Double-Bit Axe
13:24 Forging
17:21 Horse Collar
26:21 Castle Age
24:30 Stone Mining
25:58 Town Watch
26:13 Fletching
27:06 Pikeman
27:47 Squires
28:05 Chain Mail Armor
28:08 Gold Mining
32:22 Bodkin Arrow
36:42 Imperial Age
37:23 Wheelbarrow
37:49 Bow Saw
38:34 Heavy Plow
40:46 Crop Rotation
41:40 Hand Cart
41:39 Halberdier
43:41 Plate Mail Armor
43:50 Iron Casting
44:26 Plate Mail Armor
43:43 Arson
45:53 Blast Furnace
44:40 Champi Warrior
11RICOPOLLO11
6:43 Loom
9:16 Feudal Age
14:50 Double-Bit Axe
14:48 Horse Collar
21:33 Wheelbarrow
25:17 Castle Age
24:16 Gold Mining
28:06 Scale Barding Armor
28:11 Forging
27:27 Capped Ram
32:16 Bloodlines
40:08 Imperial Age
38:00 Chain Barding Armor
40:10 Gold Shaft Mining
40:09 Cavalier
41:26 Plate Barding Armor
42:55 Pikeman
44:12 Halberdier
Mal Vecino
5:08 Loom
9:28 Feudal Age
9:56 Man-at-Arms
17:27 Double-Bit Axe
19:35 Forging
21:36 Scale Mail Armor
22:01 Horse Collar
25:21 Wheelbarrow
27:51 Castle Age
29:44 Iron Casting
28:33 Long Swordsman
29:14 Squires
30:01 Chain Mail Armor
37:03 Fletching
39:11 Bow Saw
PairoRen
9:51 Loom
11:38 Feudal Age
15:41 Castle Age
14:47 Double-Bit Axe
14:59 Horse Collar
24:04 Wheelbarrow
25:49 Hand Cart
31:02 Imperial Age
30:07 Fletching
30:21 Padded Archer Armor
30:10 Town Watch
31:02 Bodkin Arrow
31:30 Ballistics
30:38 Crossbowman
31:28 Arbalester
34:50 Chemistry
34:53 Bracer
35:23 Bow Saw
39:31 Leather Archer Armor
Forezth
9:44 Feudal Age
13:43 Castle Age
12:11 Double-Bit Axe
13:00 Horse Collar
20:19 Loom
21:15 Wheelbarrow
20:28 Town Watch
21:34 Heavy Plow
22:08 Gold Mining
23:50 Bow Saw
25:20 Hand Cart
24:58 Stone Mining
28:45 Imperial Age
27:03 Forging
27:05 Scale Barding Armor
27:26 Bloodlines
27:19 Husbandry
28:21 Iron Casting
29:14 Scale Barding Armor
30:33 Blast Furnace
31:33 Chain Barding Armor
32:01 Stone Shaft Mining
30:57 Elite Jarl
34:20 Plate Barding Armor
34:28 Conscription
43:02 Vendel Legacy
44:57 Light Cavalry
Connection lost

Rejoining the realm…

Still unreachable

The connection could not be restored.

Session expired

The server has moved on; the page needs a fresh start.